 Dungeon Crawl Stone Soup version 0.22-a0-617-g6d95e9e (webtiles) character file.

17 sking99 the Grasshopper (level 2, 0/25 HPs)
             Began as a Draconian Warper on July 12, 2018.
             Slain by a worm (12 damage)
             ... on level 2 of the Dungeon.
             The game lasted 00:00:41 (837 turns).

sking99 the Grasshopper (Draconian Warper)           Turns: 837, Time: 00:00:42

Health: 0/25       AC:  4    Str: 13    XL:     2   Next: 44%
Magic:  5/5        EV: 12    Int: 13    God:
Gold:   63         SH:  0    Dex: 10    Spells: 5/5 levels left

rFire    . . .     SeeInvis .   a - +0 falchion
rCold    . . .     Gourm    .   (no shield)
rNeg     . . .     Faith    .   (armour unavailable)
rPois    .         Spirit   .   (helmet restricted)
rElec    .         Reflect  .   (no cloak)
rCorr    .         Harm     .   (no gloves)
MR       .....                  (no boots)
Stlth    +.........             (no amulet)
HPRegen  0.08/turn              (no ring)
MPRegen  0.09/turn              (no ring)

@: no status effects
A: unfitting armour, cold-blooded, AC +4
a: no special abilities


You were on level 2 of the Dungeon.
You were not hungry.

You visited 1 branch of the dungeon, and saw 2 of its levels.

You collected 63 gold pieces.

Inventory:

Hand Weapons
 a - a +0 falchion (weapon)
Missiles
 d - 5 tomahawks of dispersal (quivered)
Scrolls
 c - a scroll of blinking
 e - 2 scrolls of immolation {unknown}
 h - 3 scrolls of remove curse {unknown}
Potions
 b - a potion of flight {unknown}
 g - a potion of haste {unknown}
Comestibles
 f - 3 rations


   Skills:
 + Level 2.6 Fighting
 * Level 2.8 Long Blades
 - Level 0.8 Throwing
 - Level 2.1 Dodging
 - Level 2.0 Spellcasting
   Level 3.0 Translocations


You had 5 spell levels left.
You didn't know any spells.
Your spell library contained the following spells:

 Spells                   Type           Power        Failure   Level  Hunger
 Teleport Other           Tloc           #.......     22%         3    ####...
 Blink                    Tloc           N/A          11%         2    ###....
 Passage of Golubria      Tloc           N/A          58%         4    #####..
 Shroud of Golubria       Chrm/Tloc      #.........   21%         2    ###....
 Gell's Gravitas          Tloc           #.........   22%         3    ####...
 Lesser Beckoning         Tloc           #.........   22%         3    ####...


Dungeon Overview and Level Annotations

Branches:
Dungeon (2/15)

Altars:


Innate Abilities, Weirdness & Mutations

Your plain brown scales are hard. (AC +4)
You cannot fit into any form of body armour.
You are cold-blooded and may be slowed by cold attacks.


Message History

A worm comes into view.
A worm is nearby!
You barely miss the worm. You barely miss the worm. The worm bites you!
You barely miss the worm.
Your tail-slap misses the worm.
The worm bites you.
You hit the worm.
The worm is lightly wounded.
You hit the worm but do no damage.
The worm is lightly wounded.
The worm bites you.
You are too injured to fight recklessly!
You are too injured to fight recklessly!
You are too injured to fight recklessly!
You are too injured to fight recklessly!
You are too injured to fight recklessly!
You are too injured to fight recklessly!
You hit the worm.
The worm is moderately wounded.
The worm bites you!
You die...

# .. #. ..
##########
#.###.
#........####
#..#..
#.#####....<#
#.... #.#
#..##.# ...
#.# #..##.#
#w###.#
#...#.#
#.@...#
#.#.#)#
#######
#.......#
#.....#.#
#.#.###.#
#.#.. # ##


You could see a worm.

Vanquished Creatures
  A leopard gecko (D:1)
  A giant cockroach (D:1)
  2 hobgoblins (D:1)
  6 jackals (D:1)
  3 kobolds
13 creatures vanquished.

Notes
Turn   | Place    | Note
-------+----------+-------------------------------------------
     0 | D:1      | sking99 the Draconian Warper began the quest for the Orb.
     0 | D:1      | Reached XP level 1. HP: 17/17 MP: 3/3
   131 | D:1      | Reached XP level 2. HP: 20/25 MP: 5/5
   837 | D:2      | Slain by a worm

Vault maps used:
D:1:      minmay_arrival_radiant_lines
D:2:      uniq_jessica

Action                   || total
-------------------------++-------
Melee: Falchion          ||    52
       Tailslap          ||     8
Armor: Skin              ||    18
Dodge: Dodged            ||    47
       Rpst.: Falchion   ||    15

Table legend:
 A = Spawn XP
 B = Non-spawn XP
 C = Spawn XP percentage of total XP
 D = Spawn monster count
 E = Non-spawn monster count
 F = Spawn count percentage of total count
 G = Total turns spent on level
                    A         B        C        D         E        F      G
               +---------+---------+-------+---------+---------+-------+---------
         Total |       0 |      25 |   0.0 |       0 |      13 |   0.0 |   837
               +---------+---------+-------+---------+---------+-------+---------
           D:1 |       0 |      24 |   0.0 |       0 |      12 |   0.0 |   806
           D:2 |       0 |       1 |   0.0 |       0 |       1 |   0.0 |    31
               +---------+---------+-------+---------+---------+-------+---------
